 Dungeon Crawl Stone Soup version 0.24-a0-139-geb6712d24a (webtiles) character file.

Game seed: 12794215267600207060

7333 Morbidden the Martial Artist (level 10, -7/94 HPs)
             Began as a Purple Draconian Monk on Mar 3, 2019.
             Was an Elder of Vehumet.
             Killed by the air
             ... invoked by Gastronok
              (39 damage)
             ... on level 9 of the Dungeon.
             The game lasted 00:27:52 (8531 turns).

Morbidden the Martial Artist (DrMo)                 Turns: 8531, Time: 00:27:52

Health: -7/94      AC:  7    Str: 10 (13) XL:     10   Next: 90%
Magic:  15/15      EV: 15    Int: 16 (19) God:    Vehumet [****..]
Gold:   0          SH:  4    Dex: 11 (14) Spells: 14/16 levels left

rFire    . . .     SeeInvis .     - Unarmed
rCold    + . .     Gourm    .   C - +0 buckler
rNeg     . . .     Faith    .   (armour unavailable)
rPois    .         Spirit   .   (helmet restricted)
rElec    .         Reflect  .   (no cloak)
rCorr    .         Harm     .   (no gloves)
MR       +....                  (no boots)
Stlth    ++........             y - amulet of the acrobat
HPRegen  0.25/turn              u - +5 ring of intelligence
MPRegen  0.14/turn              j - ring of protection from cold

@: very slightly contaminated, invisible
A: breathe power, unfitting armour, cold-blooded, AC +7
a: Breathe Dispelling Energy, Renounce Religion


You were on level 9 of the Dungeon.
You worshipped Vehumet.
Vehumet was greatly pleased with you.
You were hungry.

You visited 2 branches of the dungeon, and saw 11 of its levels.
You also visited: Sewer.

Inventory:

Missiles
 q - 4 curare-tipped needles
Armour
 C - a +0 buckler (worn)
Jewellery
 j - a ring of protection from cold (right hand)
 u - a +5 ring of intelligence (left hand)
 y - an amulet of the acrobat (around neck)
Scrolls
 b - 2 scrolls of immolation
 c - 7 scrolls of identify
 m - 3 scrolls of enchant armour
 o - a scroll of noise
 v - 2 scrolls of random uselessness
 w - a scroll of remove curse
Potions
 e - 3 potions of flight
 g - 4 potions of curing
Comestibles
 l - 15 rations


   Skills:
 + Level 10.7 Fighting
 + Level 7.4 Dodging
 + Level 4.2 Stealth
 * Level 3.1 Shields
 + Level 11.2 Unarmed Combat
 * Level 3.9 Spellcasting
 * Level 2.6 Conjurations
   Level 1.1 Evocations


You had 14 spell levels left.
You knew the following spells:

 Your Spells              Type           Power        Failure   Level  Hunger
a - Throw Flame           Conj/Fire      #.....       4%          2    ##.....

Your spell library contained the following spells:

 Spells                   Type           Power        Failure   Level  Hunger
 Throw Icicle             Conj/Ice       #.......     28%         4    ####...
 Inner Flame              Hex/Fire       #.......     16%         3    ###....
 Corona                   Hex            #......      19%         1    None
 Slow                     Hex            #.......     28%         2    ##.....
 Portal Projectile        Hex/Tloc       #.....       50%         3    ###....
 Cause Fear               Hex            #.........   88%         4    ####...
 Leda's Liquefaction      Hex/Erth       #.........   88%         4    ####...


Dungeon Overview and Level Annotations

Branches:
Dungeon (10/15)            Temple (1/1) D:7            Lair (0/6) D:9
    Orc: D:9-12

Altars:
Dithmenos
Elyvilon
Fedhas
Gozag
Kikubaaqudgha
Ru
Sif Muna
Trog
Uskayaw
Vehumet
Zin
The Shining One

Shops:
D:5 ?

Annotations:
D:9 Gastronok, Maurice


Innate Abilities, Weirdness & Mutations

You can breathe bolts of dispelling energy.
Your rich purple scales are hard. (AC +7)
You cannot fit into any form of body armour.
You are cold-blooded and may be slowed by cold attacks.


Message History

Maurice shoots a curare-tipped needle.
The curare-tipped needle completely misses you.
Gastronok waves his eye-stalks in wide circles.
The air twists around and strikes you!
There is a stone staircase leading down here.
You see here a curare-tipped needle.
q - 4 curare-tipped needles (gained 1) Unknown command.
You can't go up here!
Unknown command.
Gastronok waves his eye-stalks in wide circles.
The air twists around and strikes you!
Unknown command.
There is a stone staircase leading down here.
You can't go up here!
Unknown command.
Unknown command.
Gastronok waves his eye-stalks in wide circles.
The air twists around and strikes you!
You die...

#.##......#..####(###
#.##...........##)#
#.##.........<.##.#
#............#.##[#
#########.#......[#
##.w.#....#
##<..##.##########
#.@.............#
#.@.##.#######.##
#.#.##.#.....#.#
#.#.##.#.###.#.#
#.#.##.#.#...#.#
#.#.##.#.#.###.#
#.#.##.#.#.#.#.#
#.#.##.#.#<..#.#
#.#.##.#.#####.#
#.#.##.#.......#


You could see Gastronok and Maurice.

Vanquished Creatures
  A two-headed ogre (D:9)
  Psyche (D:9)
  A troll (D:9)
  Prince Ribbit (D:9)
  2 hippogriffs
  Sigmund (D:3)
  3 hungry ghosts
  6 yaks (D:9)
  Edmund (D:5)
  3 orc warriors
  2 porcupines (D:9)
  2 ice beasts
  2 black bears
  2 sky beasts
  2 necrophages
  5 ogres
  2 centaurs
  A crocodile (D:9)
  2 big kobolds
  2 bullfrogs (D:7)
  A wyvern skeleton (D:8)
  2 scorpions
  7 killer bees
  2 howler monkeys
  6 crimson imps
  2 bullfrog zombies
  A quasit (D:5)
  A jelly (D:10)
  5 orc priests
  3 hounds
  2 bullfrog skeletons
  7 orc wizards
  An iguana (D:6)
  4 worker ants
  A hound skeleton (D:7)
  8 gnolls
  7 adders
  2 shadow imps
  3 oozes
  A worm (D:5)
  A dart slug (D:1)
  7 leopard geckos
  36 orcs
  6 giant cockroaches
  2 goblins
  5 hobgoblins (D:1)
  10 jackals
  5 quokkas
  4 ball pythons
  9 bats
  8 frilled lizards
  A goblin skeleton (D:6)
  A goblin zombie (D:6)
  2 hobgoblin zombies (D:6)
  28 kobolds
  A kobold zombie (D:6)
  A leopard gecko zombie (D:9)
  An orc skeleton (D:6)
  An orc zombie (D:6)
  2 quokka skeletons
  10 rats
249 creatures vanquished.

Vanquished Creatures (others)
  3 fungi (D:9)
  9 plants (D:9)
12 creatures vanquished.

Grand Total: 261 creatures vanquished

Notes
Turn   | Place    | Note
-------+----------+-------------------------------------------
     0 | D:1      | Morbidden the Draconian Monk began the quest for the Orb.
     0 | D:1      | Reached XP level 1. HP: 19/19 MP: 1/1
   264 | D:1      | Reached XP level 2. HP: 26/26 MP: 2/2
   907 | D:2      | Found a sacrificial altar of Ru.
   921 | D:2      | Reached XP level 3. HP: 27/33 MP: 3/3
  1240 | D:2      | Reached skill level 4 in Unarmed Combat
  1416 | D:2      | Noticed an ogre
  1503 | D:2      | HP: 1/33 [ogre/+0 giant club (26)]
  1506 | D:2      | Killed an ogre
  1506 | D:2      | Reached XP level 4. HP: 28/40 MP: 4/4
  1506 | D:2      | Reached XP level 5. HP: 32/46 MP: 5/5
  1845 | D:3      | Reached skill level 5 in Unarmed Combat
  2123 | D:3      | Reached skill level 10 in Fighting
  2123 | D:3      | Reached skill level 8 in Unarmed Combat
  2123 | D:3      | Reached XP level 6. HP: 65/66 MP: 6/6
  2165 | D:3      | Noticed Sigmund
  2366 | D:3      | Killed Sigmund
  2366 | D:3      | Your scales start taking on a rich purple colour.
  2366 | D:3      | Reached XP level 7. HP: 63/72 MP: 7/7
  3078 | D:4      | Reached skill level 1 in Spellcasting
  3352 | D:5      | Entered Level 5 of the Dungeon
  3472 | D:5      | Reached skill level 9 in Unarmed Combat
  3472 | D:5      | Reached XP level 8. HP: 64/79 MP: 9/9
  3518 | D:5      | Found a glowing drain.
  3550 | Sewer    | Entered a sewer
  4079 | D:5      | Noticed Edmund
  4135 | D:5      | Killed Edmund
  4175 | D:5      | Found Makistru's Magic Scroll Shop.
  4333 | D:5      | Found a deep blue altar of Sif Muna.
  4704 | D:6      | Found a glowing golden altar of the Shining One.
  5386 | D:7      | Reached skill level 10 in Unarmed Combat
  5386 | D:7      | Reached XP level 9. HP: 86/86 MP: 10/10
  5505 | D:7      | Found a staircase to the Ecumenical Temple.
  5518 | Temple   | Entered the Ecumenical Temple
  5551 | Temple   | Became a worshipper of Vehumet
  5551 | Temple   | Reached * piety under Vehumet
  5551 | Temple   | Offered knowledge of Shock by Vehumet.
  5551 | Temple   | Reached ** piety under Vehumet
  5937 | D:7      | Offered knowledge of Throw Flame by Vehumet.
  5941 | D:7      | Learned a level 2 spell: Throw Flame
  5977 | D:7      | Reached skill level 1 in Shields
  6391 | D:8      | Offered knowledge of Mephitic Cloud by Vehumet.
  6493 | D:8      | Reached skill level 1 in Conjurations
  6768 | D:9      | Reached XP level 10. HP: 90/93 MP: 13/13
  6806 | D:9      | Noticed Prince Ribbit
  6816 | D:9      | Killed Prince Ribbit
  7255 | D:9      | Noticed Maurice
  7343 | D:9      | Reached *** piety under Vehumet
  7343 | D:9      | Reached skill level 11 in Unarmed Combat
  7367 | D:9      | Noticed a two-headed ogre
  7374 | D:9      | Noticed Psyche
  7383 | D:9      | Killed a two-headed ogre
  7398 | D:9      | Reached skill level 1 in Evocations
  7403 | D:9      | Killed Psyche
  7412 | D:9      | Noticed Gastronok
  7424 | D:9      | Found a white marble altar of Elyvilon.
  7428 | D:9      | Offered knowledge of Throw Icicle by Vehumet.
  7461 | D:9      | HP: 4/94 [crocodile (7)]
  7463 | D:9      | Found a staircase to the Lair.
  7470 | D:10     | Entered Level 10 of the Dungeon
  7511 | D:10     | Noticed a gargoyle
  8258 | D:9      | Reached **** piety under Vehumet
  8518 | D:9      | Paralysed by Maurice for 3 turns
  8531 | D:9      | Killed from afar by Gastronok

Levels and vault maps discovered:
D:1:      sevenhm_arrival_forest_fort_large_4, layout_basic
D:2:      cheibrodos_old_hovel, layout_loops_cross,
          nicolae_ru_sacrificial_ziggurat
D:3:      layout_basic, uniq_sigmund
D:4:      layout_cave_pools, first_ration
D:5:      layout_basic, serial_shops, shop, cheibrodos_sewer_entry_sluice,
          tgw_sif, uniq_edmund
D:6:      layout_basic, nicolae_tso_besieged_by_evil
D:7:      layout_rooms, minmay_temple_entry_crystal_x, grunt_ogre_cave
D:8:      layout_rooms
D:9:      layout_basic, grunt_temple_overflow_open, minitemple,
          minmay_lair_entry_grove, orc_0_dummy, uniq_psyche,
          uniq_prince_ribbit1, uniq_maurice, uniq_gastronok
D:10:     layout_loops_cross
Temple:   chequers_temple_sunken
Sewer:    kennysheep_pipe_town

Skill      XL: |  1  2  3  4  5  6  7  8  9 10 |
---------------+-------------------------------+-----
Dodging        | 3 6 7 |  7.4
Fighting       | 4 10 | 10.7
Unarmed Combat | 4 8 9 10 11 | 11.2
Spellcasting   | 1 2 3 |  3.9
Stealth        | 2 4 |  4.2
Shields        | 1 3 |  3.1
Conjurations   | 1 2 |  2.6
Evocations     | 1 |  1.1

Action                   |  1- 3 |  4- 6 |  7- 9 | 10-12 || total
-------------------------+-------+-------+-------+-------++-------
Melee: Unarmed           |   163 |    95 |   500 |   174 ||   932
       Tailslap          |     9 |     7 |    60 |    18 ||    94
       Punch             |     1 |     1 |    11 |       ||    13
 Fire: Blowgun           |       |       |     2 |       ||     2
 Cast: Throw Flame       |       |       |       |    25 ||    25
 Abil: Breathe Dispellin |       |       |    24 |     9 ||    33
Evoke: Wand              |       |       |     2 |    12 ||    14
  Use: Scroll            |     2 |     4 |    11 |     5 ||    22
       Potion            |     1 |     2 |     1 |    17 ||    21
 Stab: Sleeping          |     4 |     5 |     7 |     2 ||    18
       Paralysed         |       |       |       |    14 ||    14
       Invisible         |       |       |       |     2 ||     2
  Eat: Chunk             |     1 |     4 |    13 |     9 ||    27
       Ration            |       |       |     2 |     1 ||     3
Armor: Skin              |    38 |    17 |    99 |    87 ||   241
Dodge: Dodged            |   107 |    71 |   408 |   106 ||   692
Block: Buckler           |       |       |    17 |    30 ||    47

Table legend:
 A = Non-vault XP
 B = Vault XP
 C = Vault XP percentage of total XP
 D = Non-vault monster count
 E = Vault monster count
 F = Vault count percentage of total count
                 A         B        C        D         E       F
            +---------+---------+-------+---------+---------+-------
      Total |    7728 |    2444 |  24.0 |     203 |      46 |  18.5
            +---------+---------+-------+---------+---------+-------
        D:1 |      35 |       0 |   0.0 |      18 |       0 |   0.0
        D:2 |     179 |       7 |   3.8 |      25 |       1 |   3.8
        D:3 |     254 |     223 |  46.8 |      21 |       1 |   4.5
        D:4 |     340 |       0 |   0.0 |      18 |       0 |   0.0
        D:5 |     422 |     182 |  30.1 |      25 |       3 |  10.7
        D:6 |     627 |      55 |   8.1 |      13 |       8 |  38.1
        D:7 |    1730 |     121 |   6.5 |      21 |       1 |   4.5
        D:8 |     733 |       0 |   0.0 |      23 |       0 |   0.0
        D:9 |    3148 |    1725 |  35.4 |      27 |       8 |  22.9
       D:10 |     260 |       0 |   0.0 |      12 |       0 |   0.0
      Sewer |       0 |     131 | 100.0 |       0 |      24 | 100.0
            +---------+---------+-------+---------+---------+-------
